 Dungeon Crawl Stone Soup version 0.29.1-2-gbd0b4ee654 (webtiles) character file.

Game seed: 17603059499823063364

13507 DildoBatman the Black Sun (level 12, -8/84 (88) HPs)
             Began as a Formicid Conjurer on Oct 26, 2022.
             Was a High Priest of Kikubaaqudgha.
             Mangled by a two-headed ogre
             ... wielding a +0 giant spiked club
              (18 damage)
             ... on level 10 of the Dungeon on Oct 27, 2022.
             The game lasted 00:50:56 (11265 turns).

DildoBatman the Black Sun (Formicid Conjurer)      Turns: 11265, Time: 00:50:57

HP:   -8/84 (88)    AC: 12    Str: 12    XL:     12   Next: 33%
MP:   19/23         EV: 13    Int: 34    God:    Kikubaaqudgha [*****.]
Gold: 540           SH:  6    Dex: 14    Spells: 11/26 levels left

rFire   . . .      SeeInvis +   a - +7 staff of the Meek {protect, meekguard}
rCold   . . .      Faith    +   H - +0 buckler
rNeg    + . .      Spirit   .   M - +0 steam dragon scales
rPois   .          Reflect  .   (helmet unavailable)
rElec   .          Harm     .   (no cloak)
rCorr   .          Rampage  .   S - +1 pair of gloves
Will    +....                   (no boots)
Stlth   ++........              g - amulet of Yhuxepp {Faith +Blink rN+ Str+3}
HPRegen 0.24/turn               u - +4 ring of protection
MPRegen 0.18/turn               D - +6 ring of intelligence

@: lightly drained
A: permanent stasis, dig shafts and tunnels, antennae 3, four strong arms,
clever 2, mutation resistance 1
a: Dig, Shaft Self, Renounce Religion, Unearth Wretches, Torment


You were on level 10 of the Dungeon.
You worshipped Kikubaaqudgha.
Kikubaaqudgha was extremely pleased with you.
You visited 2 branches of the dungeon, and saw 12 of its levels.
You also visited: Sewer.

You collected 672 gold pieces.
You spent 132 gold pieces at shops.

Inventory:

Hand Weapons
 a - the +7 staff of the Meek (weapon) {protect, meekguard}
   (You found it on level 9 of the Dungeon)

   It grants its wielder temporary protection when it strikes (+7 to AC).
   It provides extra protection to wielders with little health.
 b - a +2 shortbow of flaming
Missiles
 i - 77 stones
 p - 32 poisoned darts (quivered)
 E - a throwing net
 N - a curare-tipped dart
Armour
 r - the +1 leather armour of Gibutoh {rPois rN+++ rCorr Dex-5}
   (You found it on level 2 of the Dungeon)

   Dex:       It affects your dexterity (-5).
   rPois:     It protects you from poison.
   rN:        It renders you almost immune to negative energy.
   rCorr:     It protects you from acid and corrosion.
 H - a +0 buckler (worn)
 M - +0 steam dragon scales (worn)
 S - a +1 pair of gloves (worn)
Magical Staves
 y - a staff of air
Jewellery
 g - the amulet of Yhuxepp (around neck) {Faith +Blink rN+ Str+3}
   (You found it on level 6 of the Dungeon)

   [amulet of faith]

   It allows you to gain divine favour quickly.
   Str:       It affects your strength (+3).
   rN:        It protects you from negative energy.
   +Blink:    It lets you blink.
 u - a +4 ring of protection (left hand)
 w - a ring of positive energy
 D - a +6 ring of intelligence (right hand)
 P - a ring of resist corrosion
Wands
 j - a wand of acid (3)
 B - a wand of flame (21)
 O - a wand of roots (20)
Scrolls
 h - 6 scrolls of enchant weapon
 k - 3 scrolls of enchant armour
 l - a scroll of immolation {unknown}
 m - a scroll of torment {unknown}
 o - 4 scrolls of amnesia
 s - 3 scrolls of fog
 v - a scroll of silence {unknown}
 z - 7 scrolls of identify
 A - 4 scrolls of poison
 C - 2 scrolls of magic mapping
 G - a scroll of brand weapon {unknown}
 J - a scroll of vulnerability {unknown}
 K - a scroll of fear {unknown}
 R - 3 scrolls of blinking
Potions
 c - a potion of attraction {unknown}
 n - a potion of haste {unknown}
 q - a potion of mutation
 t - 2 potions of magic
 x - a potion of flight
 F - a potion of ambrosia {unknown}
 I - 2 potions of curing
 L - 2 potions of lignification {unknown}
 T - a potion of brilliance


   Skills:
 * Level 6.1 Fighting
 * Level 6.2 Armour
 * Level 5.0 Dodging
 - Level 2.4 Stealth
 * Level 7.3 Shields
 * Level 7.7 Spellcasting
 - Level 6.0 Conjurations
 - Level 9.0 Necromancy
 - Level 6.0 Air Magic
 * Level 2.6 Earth Magic
 - Level 6.0 Poison Magic


You had 11 spell levels left.
You knew the following spells:

 Your Spells              Type           Power      Damage    Failure   Level
a - Searing Ray           Conj           100%       2d8       1%          2
b - Stone Arrow           Conj/Erth      84%        3d12      1%          3
c - Magic Dart            Conj           100%       1d8       1%          1
e - Mephitic Cloud        Conj/Pois/Air  52%        N/A       1%          3
h - Dispel Undead         Necr           65%        3d22      1%          4
z - Sublimation of Blood  Necr           65%        N/A       1%          2

Your spell library contained the following spells:

 Spells                   Type           Power      Damage    Failure   Level
 Necrotise                Necr           100%       1d9       1%          1
 Animate Dead             Necr           65%        N/A       1%          4
 Corpse Rot               Necr/Pois/Air  57%        N/A       2%          4
 Agony                    Necr           65%        N/A       2%          5
 Dazzling Flash           Conj/Hex       66%        N/A       3%          3
 Apportation              Tloc           26%        N/A       4%          1
 Summon Small Mammal      Summ           52%        N/A       4%          1
 Call Imp                 Summ           13%        N/A       6%          2
 Anguish                  Hex/Necr       21%        N/A       6%          4
 Call Canine Familiar     Summ           13%        N/A       12%         3
 Portal Projectile        Hex/Tloc       26%        N/A       12%         3
 Fulminant Prism          Conj/Hex       16%        3d11      12%         4
 Iskenderun's Mystic Bla  Conj/Tloc      33%        2d8       12%         4
 Death Channel            Necr           32%        N/A       16%         6
 Animate Armour           Summ/Erth      44%        N/A       22%         4
 Leda's Liquefaction      Hex/Erth       11%        N/A       22%         4
 Petrify                  Tmut/Erth      22%        N/A       22%         4
 Irradiate                Conj/Tmut      16%        3d17      32%         5
 Simulacrum               Ice/Necr       21%        N/A       67%         6
 Lehudib's Crystal Spear  Conj/Erth      21%        10d6      100%        8


Dungeon Overview and Level Annotations

Branches:
Dungeon (11/15)            Temple (1/1) D:5            Lair (0/5) D:10
    Orc (0/2) D:11          Sewer (visited)

Altars:
Ashenzari
Cheibriados
Dithmenos
Elyvilon
Fedhas
Gozag
Hepliaklqana
Kikubaaqudgha
Makhleb
Nemelex Xobeh
Okawaru
Qazlal
Ru
Sif Muna
Trog
Uskayaw
Vehumet
Wu Jian
Xom
Yredelemnul
Zin
The Shining One

Shops:
D:3 !   D:5 *

Annotations:
D:1 exclusion: floating eye
D:7 exclusion: hydra
D:11 exclusion: hydra


Innate Abilities, Weirdness & Mutations

You cannot be hasted, slowed, berserked, paralysed or teleported.
You can dig through walls and to a lower floor.
You have a pair of large antennae on your head. (SInv)
Your four strong arms can wield two-handed weapons with a shield.
Your mind is very acute. (Int +8, Str/Dex -2)
You are somewhat resistant to further mutation.


Message History

You block the arrow.
The centaur shoots an arrow.
The arrow barely misses you.
There is an escape hatch in the ceiling here.
The centaur unwields a +0 shortbow.
The centaur hits you but does no damage.
The centaur kicks you but does no damage.
The two-headed ogre hits you with a +0 giant spiked club!!
The two-headed ogre hits you with a +0 giant club!!
A mysterious force pulls you upwards. The hatch slams shut behind you.
The centaur attacks as you move away! You block the centaur's attack.
The centaur closely misses you.
The centaur wields a +0 shortbow.
The centaur shoots an arrow.
The arrow hits you.
The centaur shoots an arrow.
You block the arrow.
The two-headed ogre completely misses you.
You block the two-headed ogre's attack.
The centaur shoots an arrow.
The arrow closely misses you.
Casting: Mephitic Cloud (safe; 1% risk of failure)
Confirm with . or Enter, or press ? or * to list all spells.
Aiming: Mephitic Cloud (safe; 1% risk of failure)
Press: ? - help, Shift-Dir - straight line The ball explodes into a vile cloud!
The stinking cloud engulfs the centaur but does no damage.
The stinking cloud engulfs the two-headed ogre but does no damage.
The centaur is engulfed in noxious fumes.
The centaur appears confused.
The centaur is engulfed in noxious fumes.
The centaur is engulfed in noxious fumes.
The centaur appears confused.
The two-headed ogre attacks as you move away!
You block the two-headed ogre's attack.
The two-headed ogre hits you with a +0 giant club!!
You die...
Kikubaaqudgha rasps: "You have failed me!
Welcome... death!"

################
###########..............#
..........'.......○c.....#
..........#......○§○.....#
..........#......○.......#
..######..#......O########
..######..#.....@.#
..#.......#.......#
..#......†#.......#
..#.......#.......#
..#.......#.......#
..######.##.......#
..######.###'#....#
.............#....#
.............#....#


You could see a two-headed ogre and a centaur (confused).

Vanquished Creatures
  5 two-headed ogres
  A manticore (D:11)
  An unseen horror zombie (D:8)
  A kobold demonologist (D:9)
  Prince Ribbit (D:5)
  Sigmund (D:3)
  2 wyverns (D:10)
  11 yaks
  Eustachio (D:5)
  A hog (shapeshifter) (D:10)
  A steam dragon (D:6)
  2 vampire mosquitoes (D:11)
  A basilisk (D:10)
  Menkaure (D:5)
  An acid dragon (D:8)
  A warg (D:11)
  5 water moccasins
  Pargi (Sewer)
  4 sky beasts
  11 orc warriors
  A black bear (D:7)
  2 ogres
  5 centaurs
  6 bullfrogs
  3 kobold brigands
  A necrophage (D:5)
  A scorpion (D:10)
  A gnoll sergeant (D:5)
  2 wyvern zombies (D:8)
  11 wights
  5 killer bees (D:10)
  4 howler monkeys
  2 centaur zombies (D:8)
  4 jellies
  4 gnoll boudas
  16 orc priests
  Terence (D:3)
  3 iguanas
  13 orc wizards
  2 killer bee zombies (D:8)
  7 howler monkey zombies (D:8)
  33 gnolls
  9 adders
  2 ufetubi
  3 worms
  2 dart slugs
  43 orcs
  A bat (D:3)
  9 endoplasms
  2 giant cockroaches
  6 goblins
  5 hobgoblins
  7 jackals
  3 quokkas
  5 ball pythons
  3 frilled lizards
  11 kobolds
  3 rats
294 creatures vanquished.

Vanquished Creatures (collateral kills)
  A killer bee (D:10)
1 creature vanquished.

Vanquished Creatures (others)
  5 fungi (D:10)
  15 plants (D:10)
  5 withered plants (D:8)
25 creatures vanquished.

Grand Total: 320 creatures vanquished

Notes
Turn   | Place    | Note
-------+----------+-------------------------------------------
     0 | D:1      | DildoBatman the Formicid Conjurer began the quest for the
                  | Orb.
     0 | D:1      | Reached XP level 1. HP: 13/13 MP: 3/3
   157 | D:1      | Reached XP level 2. HP: 19/19 MP: 0/5
   160 | D:1      | Learned a level 2 spell: Searing Ray
   224 | D:1      | Noticed a floating eye
   228 | D:1      | Found a faded altar of an unknown god.
   231 | D:1      | Noticed a golden eye
   231 | D:1      | Noticed a shining eye
   231 | D:1      | Noticed an eye of devastation
   720 | D:2      | Reached XP level 3. HP: 24/24 MP: 4/6
   868 | D:2      | Reached XP level 4. HP: 30/30 MP: 3/7
   942 | D:2      | Reached skill level 5 in Conjurations
  1196 | D:2      | Identified the +1 leather armour of Gibutoh {rPois rN+++
                  | rCorr Dex-5}
  1276 | D:2      | Reached XP level 5. HP: 23/35 MP: 5/9
  1773 | D:3      | Noticed Terence
  1939 | D:3      | Found Kusmyan's Distillery.
  1971 | D:3      | Noticed Sigmund
  2288 | D:3      | Reached XP level 6. HP: 41/41 MP: 8/12
  2596 | D:4      | Noticed an ogre
  2603 | D:4      | Killed an ogre
  2604 | D:4      | Reached skill level 5 in Spellcasting
  2692 | D:4      | Found a hazy altar of Hepliaklqana.
  2703 | D:4      | Learned a level 3 spell: Mephitic Cloud
  2801 | D:4      | Found a hide-covered altar of Uskayaw.
  2802 | D:4      | Found a snail-covered altar of Cheibriados.
  2803 | D:4      | Found a glowing silver altar of Zin.
  3017 | D:5      | Entered Level 5 of the Dungeon
  3055 | D:5      | Reached skill level 1 in Armour
  3055 | D:5      | Reached skill level 1 in Poison Magic
  3055 | D:5      | Reached XP level 7. HP: 47/47 MP: 9/15
  3104 | D:5      | Reached skill level 1 in Fighting
  3107 | D:5      | Reached skill level 1 in Air Magic
  3116 | D:5      | Found Balumyce's Lightly-Used Armoury.
  3160 | D:5      | Noticed Prince Ribbit
  3371 | D:5      | Noticed Eustachio
  3560 | D:5      | Found a staircase to the Ecumenical Temple.
  3575 | Temple   | Entered the Ecumenical Temple
  3613 | Temple   | Became a worshipper of Kikubaaqudgha
  3655 | D:5      | Reached XP level 8. HP: 56/56 MP: 8/16
  3695 | D:5      | Noticed Menkaure
  3744 | D:5      | Killed Eustachio
  3818 | D:5      | Killed Menkaure
  3958 | D:5      | Killed Prince Ribbit
  4034 | D:5      | Reached skill level 5 in Poison Magic
  4036 | D:5      | Reached XP level 9. HP: 49/63 MP: 7/19
  4037 | D:5      | Reached * piety under Kikubaaqudgha
  4037 | D:5      | Received a gift from Kikubaaqudgha
  4043 | D:5      | Learned a level 2 spell: Sublimation of Blood
  4050 | D:5      | Found the +3 woodcutter's axe {vorpal}
  4323 | D:3      | Killed Sigmund
  4324 | D:3      | Reached skill level 1 in Shields
  4374 | D:3      | Killed Terence
  4421 | D:6      | Found a glowing drain.
  4514 | Sewer    | Entered a sewer
  4547 | Sewer    | Noticed Pargi
  4555 | Sewer    | Killed Pargi
  4687 | D:6      | Identified the amulet of Yhuxepp {Faith +Blink rN+ Str+3}
  4786 | D:3      | Bought a potion of degeneration for 12 gold pieces
  4786 | D:3      | Bought a potion of curing for 36 gold pieces
  4786 | D:3      | Bought a potion of brilliance for 48 gold pieces
  4786 | D:3      | Bought a potion of flight for 36 gold pieces
  4972 | D:6      | Reached skill level 5 in Air Magic
  5086 | D:6      | Noticed a two-headed ogre
  5997 | D:6      | Killed a two-headed ogre
  5998 | D:6      | Reached XP level 10. HP: 71/71 MP: 12/20
  6284 | D:7      | Reached ** piety under Kikubaaqudgha
  6747 | D:7      | Noticed an eight-headed hydra
  6796 | D:7      | Reached skill level 5 in Shields
  7532 | D:8      | Reached *** piety under Kikubaaqudgha
  7532 | D:8      | Received a gift from Kikubaaqudgha
  7539 | D:8      | Learned a level 4 spell: Dispel Undead
  7587 | D:8      | Reached skill level 5 in Armour
  7602 | D:8      | Reached skill level 5 in Fighting
  7607 | D:8      | Reached skill level 1 in Necromancy
  7612 | D:8      | Reached skill level 2 in Necromancy
  7616 | D:8      | Reached skill level 3 in Necromancy
  7626 | D:8      | Reached XP level 11. HP: 47/79 MP: 4/21
  7777 | D:8      | Reached skill level 4 in Necromancy
  7931 | D:8      | Found a white marble altar of Elyvilon.
  7932 | D:8      | Found a basalt altar of Yredelemnul.
  7933 | D:8      | Found a blossoming altar of Fedhas.
  7957 | D:8      | Reached skill level 5 in Necromancy
  8275 | D:8      | HP: 1/79 [orc warrior/+0 morningstar (8)]
  8346 | D:8      | Reached skill level 6 in Necromancy
  8493 | D:9      | Reached **** piety under Kikubaaqudgha
  8706 | D:9      | Reached skill level 7 in Necromancy
  8841 | D:9      | Found the +7 staff of the Meek {protect, meekguard}
  8919 | D:9      | Noticed a two-headed ogre
  9050 | D:9      | Killed a two-headed ogre
  9113 | D:9      | Reached skill level 8 in Necromancy
  9153 | D:9      | Noticed a two-headed ogre
  9599 | D:9      | Killed a two-headed ogre
  9638 | D:9      | Gained mutation: Your magical capacity is low. (-10% MP)
                  | [potion of mutation]
  9638 | D:9      | Gained mutation: Your mind is acute. (Int +4, Str/Dex -1)
                  | [potion of mutation]
  9638 | D:9      | Gained mutation: Your flesh is heat resistant. (rF+)
                  | [potion of mutation]
  9638 | D:9      | Gained mutation: You are resistant to electric shocks.
                  | (rElec) [potion of mutation]
  9642 | D:9      | Lost mutation: Your magical capacity is low. (-10% MP)
                  | [potion of mutation]
  9642 | D:9      | Lost mutation: You are resistant to electric shocks.
                  | (rElec) [potion of mutation]
  9642 | D:9      | Lost mutation: Your flesh is heat resistant. (rF+) [potion
                  | of mutation]
  9642 | D:9      | Gained mutation: Your mind is very acute. (Int +8, Str/Dex
                  | -2) [potion of mutation]
  9642 | D:9      | Gained mutation: You are somewhat resistant to further
                  | mutation. [potion of mutation]
  9649 | D:10     | Entered Level 10 of the Dungeon
  9866 | D:10     | Noticed a salamander
 10094 | D:10     | Reached skill level 9 in Necromancy
 10129 | D:10     | Found a staircase to the Lair.
 10182 | D:10     | Learned a level 3 spell: Stone Arrow
 10223 | D:10     | Noticed a two-headed ogre
 10264 | D:10     | Killed a two-headed ogre
 10265 | D:10     | Reached skill level 1 in Earth Magic
 10265 | D:10     | Reached XP level 12. HP: 27/86 MP: 9/22
 10394 | D:10     | Noticed a two-headed ogre
 10423 | D:10     | Killed a two-headed ogre
 10859 | D:11     | Noticed an eight-headed hydra
 11057 | D:11     | Reached ***** piety under Kikubaaqudgha
 11086 | D:11     | Found a staircase to the Orcish Mines.
 11117 | D:11     | Reached skill level 5 in Dodging
 11215 | D:11     | Noticed a two-headed ogre
 11265 | D:10     | Mangled by a two-headed ogre

Illustrated notes

Levels and vault maps discovered:
D:1:      mrwooster_arrival_statue, layout_basic,
          hellmonk_ecumenical_altar_watching_god, minmay_tromino_v4_a
D:2:      layout_basic, chequers_serial_rivers_micro_d
D:3:      layout_loops_ring, serial_shops, shop, patterned_corridor,
          uniq_terence, uniq_sigmund
D:4:      layout_cave_pools, mainiacjoe_overflow_alcove_3
D:5:      layout_loops_ring, minmay_temple_entry_trees, minmay_shop_damaged,
          st_stairs_6, pf_guarded_unrand_woodcutter, uniq_eustachio,
          uniq_menkaure, uniq_prince_ribbit1
D:6:      layout_loops_corners, portal_sewer_entry_b
D:7:      layout_gridville
D:8:      layout_loops_ring, chequers_temple_overflow_statue_of_worship,
          serial_undead, serial_undead_a, serial_undead_f, serial_undead_a,
          serial_undead_c, serial_undead_e, serial_undead_a, serial_undead_e
D:9:      layout_big_octagon, pf_guarded_unrand_meek
D:10:     layout_gridville, minmay_lair_entry_grove
D:11:     layout_layer_cave, david_orc_1_choice, item_on_display_a
Temple:   hellmonk_temple_of_storms

Skill      XL: |  1  2  3  4  5  6  7  8  9 10 11 12 |
---------------+-------------------------------------+-----
Conjurations   | 4 5 6 |  6.0
Spellcasting   | 3 4 5 6 7 |  7.7
Armour         | 1 2 3 5 6 |  6.2
Dodging        | 2 4 5 |  5.0
Poison Magic   | 1 2 5 6 |  6.0
Fighting       | 2 3 5 6 |  6.1
Air Magic      | 1 3 6 |  6.0
Shields        | 4 6 7 |  7.3
Necromancy     | 3 9 |  9.0
Earth Magic    | 1 2 |  2.6
Stealth        | |  2.4

Action                   |  1- 3 |  4- 6 |  7- 9 | 10-12 || total
-------------------------+-------+-------+-------+-------++-------
Melee: Staff             |    12 |     4 |     8 |    28 ||    52
       Battleaxe         |       |       |     3 |    60 ||    63
       Quarterstaff      |       |       |       |   119 ||   119
 Fire: Sling             |       |     3 |       |       ||     3
       Shortbow          |       |       |       |    25 ||    25
 Cast: Magic Dart        |    45 |    61 |    61 |    49 ||   216
       Searing Ray       |       |    18 |    42 |    85 ||   145
       Mephitic Cloud    |       |       |     4 |    61 ||    65
       Sublimation of Bl |       |       |       |     2 ||     2
       Dispel Undead     |       |       |       |     5 ||     5
 Abil: Dig               |       |       |       |     4 ||     4
  Use: Scroll            |       |     1 |     2 |     5 ||     8
       Potion            |       |       |       |     7 ||     7
 Stab: Confused          |       |       |       |    13 ||    13
Armor: Robe              |     2 |     3 |    14 |     3 ||    22
       Steam dragon scal |       |       |       |    96 ||    96
       Leather armour    |       |       |       |     3 ||     3
Dodge: Dodged            |    15 |     7 |    56 |   174 ||   252
Block: Buckler           |       |       |     1 |    88 ||    89
